 Dungeon Crawl Stone Soup version 0.22.1-1-ga44c0e56f4 (webtiles) character file.

16704 KleinerIrrer the Cleaver (level 12, -7/97 HPs)
             Began as a Formicid Fighter on Oct 18, 2018.
             Hit by a large rock thrown by a cyclops (34 damage)
             ... on level 11 of the Dungeon.
             The game lasted 00:06:34 (13988 turns).

KleinerIrrer the Cleaver (Formicid Fighter)        Turns: 13988, Time: 00:06:35

Health: -7/97      AC: 19    Str: 26    XL:     12   Next: 73%
Magic:  12/12      EV:  8    Int:  8    God:
Gold:   823        SH: 12    Dex: 10    Spells: 11/11 levels left

rFire    . . .     SeeInvis +   Y - +1 battleaxe (freeze)
rCold    . . .     Gourm    .   c - +0 shield
rNeg     + . .     Faith    .   f - +1 plate armour
rPois    .         Spirit   .   (helmet unavailable)
rElec    .         Reflect  .   m - +0 cloak
rCorr    .         Harm     .   n - +2 pair of gloves
MR       +....                  (no boots)
Stlth    ..........             (no amulet)
HPRegen  0.26/turn              k - ring of positive energy
MPRegen  0.13/turn              (no ring)

@: no status effects
A: permanent stasis, dig shafts and tunnels, four strong arms, antennae 3
a: Dig, Shaft Self


You were on level 11 of the Dungeon.
You were hungry.

You visited 2 branches of the dungeon, and saw 12 of its levels.

You collected 823 gold pieces.


Innate Abilities, Weirdness & Mutations

You cannot be hasted, slowed, berserked, paralysed or teleported.
You can dig through walls and to a lower floor.
Your four strong arms can wield two-handed weapons with a shield.
You have a pair of large antennae on your head. (SInv)


   Skills:
 - Level 10.0 Fighting
 + Level 14.0 Axes
 - Level 9.0 Armour
 - Level 3.2 Dodging
 - Level 9.1 Shields


You had 11 spell levels left.
You didn't know any spells.
Your spell library was empty.

Inventory:

Hand Weapons
 r - a +0 dire flail
 Y - a +1 battleaxe of freezing (weapon)
Missiles
 s - 4 tomahawks
 t - 2 poisoned tomahawks (quivered)
Armour
 c - a +0 shield (worn)
 f - a +1 plate armour (worn)
 m - a +0 cloak (worn)
 n - a +2 pair of gloves (worn)
Jewellery
 k - a ring of positive energy (left hand)
Wands
 o - a wand of enslavement (18)
Scrolls
 a - 3 scrolls of identify
 g - 3 scrolls of remove curse
Potions
 b - 4 potions of curing
 d - a potion of might
 i - 2 potions of cancellation
 j - 5 potions of heal wounds
 p - a potion of haste
 q - a potion of resistance
Comestibles
 e - 19 rations

Dungeon Overview and Level Annotations

Branches:
Dungeon (11/15)            Temple (1/1) D:6            Lair (0/6) D:10
    Orc (0/2) D:10

Altars:
Ashenzari
Cheibriados
Dithmenos
Elyvilon
Fedhas
Gozag
Hepliaklqana
Kikubaaqudgha
Makhleb
Nemelex Xobeh
Okawaru
Qazlal
Ru
Sif Muna
Trog
Uskayaw
Vehumet
Wu Jian
Xom
Yredelemnul
Zin
The Shining One

Shops:
D:5 %   D:9 *

Annotations:
D:6 2 runed doors, GsBirdie's ghost, novice DrCj


Message History

The six-headed hydra bites you but does no damage. x3
The six-headed hydra bites you. The vampire hits you!
You block the vampire's attack.
You impale the six-headed hydra!!
You kill the six-headed hydra!
Your Dodging skill increases to level 3!
The vampire hits you but does no damage.
You block the vampire's attack.
13986 ||| SWAPPING to +1 battleaxe of freezing.
Wield which item (- for none, * to show all)? (? for menu, Esc to quit)
Your +1 battleaxe of freezing glows with a cold blue light!
Y - a +1 battleaxe of freezing (weapon)
You closely miss the vampire.
The cyclops throws a large rock.
You block the large rock. You block the vampire's attack.
The vampire bites you.
The vampire draws strength from your injuries!
You completely miss the vampire. The vampire barely misses you.
The vampire closely misses you.
The cyclops throws a large rock.
The large rock hits you!!
You die...

#........... #.
######.##... ....
#.######.####.....( ....
#..............#.#. .....
#..####..#.......#. .....
#..#.##............
..<...#..#...............
......##.#.###...##......
....?.C%@..>.............
......#V.##..#########.#.
..... #......... .....
.... #.###..#### ######
... #.# ..# .V #.# ..# .
#.# ..# #.# #.# {


You could see a cyclops and a vampire (invisible).

Vanquished Creatures
  Harold (D:9)
  A hydra (D:11)
  3 two-headed ogres
  Pikel (D:4)
  2 ugly things (D:11)
  A gargoyle (D:10)
  Psyche (D:8)
  A komodo dragon (D:10)
  2 trolls
  2 hippogriffs
  A slime creature (D:9)
  A wyvern (D:10)
  15 yaks
  A wraith (D:10)
  4 hogs (D:7)
  A human (D:7)
  Menkaure (D:4)
  Duvessa (D:4)
  6 orc warriors
  7 sky beasts
  2 slaves
  4 necrophages
  A black bear (D:5)
  2 eyes of draining
  2 ice beasts
  8 ogres
  3 phantoms
  6 centaurs
  2 crocodiles
  9 bullfrogs
  A water moccasin zombie (D:6)
  Dowan (D:4)
  2 wyvern skeletons
  A scorpion (D:4)
  3 killer bees (D:8)
  4 jellies
  6 wights
  3 howler monkeys
  5 crimson imps
  A centaur zombie (D:8)
  A bullfrog zombie (D:7)
  A centaur skeleton (D:10)
  6 orc priests
  3 bullfrog skeletons
  7 hounds
  12 orc wizards
  5 iguanas
  11 worker ants
  3 hound zombies
  A hound skeleton (D:11)
  Robin (D:4)
  2 worker ant zombies
  9 gnolls
  A howler monkey skeleton (D:5)
  13 adders
  3 shadow imps
  An adder skeleton (D:9)
  2 worms (D:3)
  2 dart slugs
  6 leopard geckos
  61 orcs
  5 giant cockroaches
  12 goblins
  6 hobgoblins
  19 jackals
  4 quokkas
  A ball python (D:2)
  6 bats
  4 frilled lizards
  4 kobolds
  A leopard gecko zombie (D:7)
  4 rats
336 creatures vanquished.

Vanquished Creatures (others)
  2 slaves (D:4)
  2 gnolls (D:4)
  A frilled lizard (D:4)
  A rat (D:4)
6 creatures vanquished.

Grand Total: 342 creatures vanquished

Notes
Turn   | Place    | Note
-------+----------+-------------------------------------------
     0 | D:1      | KleinerIrrer the Formicid Fighter began the quest for the
                  | Orb.
     0 | D:1      | Reached XP level 1. HP: 18/18 MP: 1/1
     0 | D:1      | 0 ||| counter = 3
   239 | D:1      | Reached XP level 2. HP: 24/24 MP: 2/2
   523 | D:1      | Reached skill level 3 in Axes
   886 | D:2      | 886 ||| STAIRDANCE
   962 | D:1      | 962 ||| UPGRADING to pair of gloves.
   967 | D:1      | 967 ||| READING scroll labeled VEASHR KYXAJ.
   968 | D:1      | 968 ||| READING scroll labeled LOEBLITZUPH.
   969 | D:1      | 969 ||| READING scroll labeled MOYRAC DUZIN.
   970 | D:1      | 970 ||| DRINKING 2 fuming orange potions.
   996 | D:2      | Reached XP level 3. HP: 29/29 MP: 3/3
  1208 | D:2      | Reached skill level 4 in Axes
  1208 | D:2      | Reached XP level 4. HP: 35/35 MP: 4/4
  1235 | D:2      | 1235 ||| STAIRDANCE
  1276 | D:1      | 1276 ||| READING scroll labeled IFUEF FOIFRU.
  1280 | D:2      | Reached XP level 5. HP: 41/41 MP: 5/5
  1422 | D:2      | Reached skill level 5 in Axes
  1429 | D:2      | Found a hazy altar of Hepliaklqana.
  1584 | D:2      | 1584 ||| UPGRADING to chain mail.
  1594 | D:2      | 1594 ||| DROPPING +0 scale mail.
  1802 | D:3      | Found an iron altar of Okawaru.
  2731 | D:3      | 2731 ||| READING scroll labeled ZOEWNA MODORI.
  2732 | D:3      | 2732 ||| READING 3 scrolls labeled MAYCZA ZAPLOZ.
  2733 | D:3      | 2733 ||| DRINKING 2 white potions.
  2734 | D:3      | 2734 ||| READING 2 scrolls of identify.
  2734 | D:3      | 2734 ||| IDENTIFYING coppery potion
  2735 | D:3      | 2735 ||| DROPPING potion of agility.
  2908 | D:4      | Reached XP level 6. HP: 47/47 MP: 6/6
  2921 | D:4      | Noticed a slave
  2921 | D:4      | Noticed a slave
  2924 | D:4      | Noticed a slave
  2943 | D:4      | 2943 ||| STAIRDANCE
  2959 | D:3      | Killed a slave
  3115 | D:3      | 3115 ||| READING scroll labeled HIULIAZXAPN.
  3116 | D:3      | 3116 ||| READING scroll labeled GEHOOR US IHEJ.
  3117 | D:3      | 3117 ||| READING scroll of identify.
  3117 | D:3      | 3117 ||| IDENTIFYING dented jasper amulet
  3118 | D:3      | 3118 ||| DROPPING amulet of rage.
  3133 | D:4      | Killed a slave
  3134 | D:4      | 3134 ||| STAIRDANCE
  3220 | D:4      | Reached skill level 6 in Axes
  3225 | D:4      | Reached skill level 1 in Dodging
  3275 | D:4      | 3275 ||| READING scroll of enchant armour.
  3275 | D:4      | 3275 ||| ENCHANTING +0 pair of gloves.
  3311 | D:4      | Noticed Pikel
  3312 | D:4      | Noticed a slave
  3320 | D:4      | Killed Pikel
  3320 | D:4      | Reached skill level 6 in Fighting
  3320 | D:4      | Reached XP level 7. HP: 54/59 MP: 7/7
  3320 | D:4      | Reached XP level 8. HP: 59/65 MP: 8/8
  3351 | D:4      | 3351 ||| DROPPING whip.
  3550 | D:4      | 3550 ||| READING scroll of enchant armour.
  3550 | D:4      | 3550 ||| ENCHANTING +1 pair of gloves.
  3581 | D:4      | Noticed Menkaure
  3596 | D:4      | Killed Menkaure
  3620 | D:4      | Noticed Dowan
  3674 | D:4      | Reached skill level 7 in Axes
  3690 | D:4      | Noticed Duvessa
  3690 | D:4      | Noticed Robin
  3701 | D:4      | Killed Duvessa
  3704 | D:4      | Killed Robin
  3709 | D:4      | Killed Dowan
  3871 | D:4      | Found a deep blue altar of Sif Muna.
  3907 | D:4      | 3907 ||| STAIRDANCE
  3945 | D:3      | 3945 ||| UPGRADING to plate armour.
  3955 | D:3      | 3955 ||| DROPPING +0 chain mail.
  3956 | D:3      | 3956 ||| UPGRADING to pair of embroidered gloves.
  3966 | D:3      | 3966 ||| UPGRADING to +2 pair of gloves.
  3976 | D:3      | 3976 ||| DROPPING +1 pair of gloves.
  3977 | D:3      | 3977 ||| READING scroll of enchant armour.
  3977 | D:3      | 3977 ||| ENCHANTING +0 plate armour.
  3978 | D:3      | 3978 ||| READING scroll labeled VIACUYRISH.
  3979 | D:3      | 3979 ||| READING scroll labeled KUAM SOKIGI.
  4170 | D:5      | Entered Level 5 of the Dungeon
  4217 | D:5      | 4217 ||| STAIRDANCE
  4283 | D:5      | Found Rucah's Food Emporium.
  4444 | D:5      | Reached skill level 8 in Axes
  4468 | D:5      | Reached XP level 9. HP: 59/71 MP: 9/9
  4826 | D:5      | Reached skill level 6 in Shields
  4854 | D:5      | 4854 ||| STAIRDANCE
  4967 | D:4      | 4967 ||| READING scroll labeled ITAXKU GOMEDD.
  4968 | D:4      | 4968 ||| DRINKING 3 metallic brown potions.
  4969 | D:4      | 4969 ||| DROPPING 2 potions of degeneration.
  5360 | D:5      | Reached skill level 9 in Axes
  5486 | D:6      | 5486 ||| STAIRDANCE
  5651 | D:6      | 5651 ||| STAIRDANCE
  5662 | D:6      | 5662 ||| STAIRDANCE
  5667 | D:6      | 5667 ||| STAIRDANCE
  5813 | D:6      | Found a staircase to the Ecumenical Temple.
  5836 | Temple   | Entered the Ecumenical Temple
  5837 | Temple   | 5837 ||| Entered T.
  5912 | Temple   | 5912 ||| READING 2 scrolls of identify.
  5912 | Temple   | 5912 ||| IDENTIFYING murky golden potion
  6128 | D:6      | Found a stormy altar of Qazlal.
  6191 | D:6      | Found a runed door.
  6196 | D:6      | Noticed GsBirdie's ghost (novice DrCj)
  6374 | D:6      | Noticed a hippogriff
  6385 | D:6      | Killed a hippogriff
  6440 | D:6      | Reached skill level 10 in Axes
  6463 | D:6      | Found a runed door.
  6533 | D:6      | Reached XP level 10. HP: 77/77 MP: 10/10
  6553 | D:6      | 6553 ||| STAIRDANCE
  6605 | D:5      | 6605 ||| EATING 14 rations.
  6606 | D:5      | 6606 ||| DRINKING 2 cyan potions.
  6628 | D:6      | 6628 ||| UPGRADING to whip of flaming.
  6629 | D:6      | 6629 ||| SWAPPING to +1 war axe.
  6697 | D:6      | Found an ornate altar of the Wu Jian Council.
  7075 | D:7      | Reached skill level 6 in Armour
  7266 | D:7      | Reached skill level 9 in Shields
  7596 | D:7      | Reached skill level 11 in Axes
  7826 | D:7      | Found a bloodstained altar of Trog.
  8063 | D:8      | Found a shattered altar of Ashenzari.
  8105 | D:8      | 8105 ||| UPGRADING to flail.
  8106 | D:8      | 8106 ||| SWAPPING to +1 war axe.
  8107 | D:8      | 8107 ||| DROPPING +0 whip of flaming.
  8346 | D:8      | Reached XP level 11. HP: 86/86 MP: 11/11
  8372 | D:8      | Noticed Psyche
  8388 | D:8      | Killed Psyche
  8566 | D:8      | 8566 ||| STAIRDANCE
  8621 | D:7      | 8621 ||| UPGRADING to cloak.
  8633 | D:8      | 8633 ||| STAIRDANCE
  8732 | D:8      | 8732 ||| SWAPPING to battleaxe.
  8733 | D:8      | 8733 ||| DROPPING +1 war axe.
  8734 | D:8      | 8734 ||| READING 3 scrolls of remove curse.
  8777 | D:8      | 8777 ||| STAIRDANCE
  8818 | D:8      | 8818 ||| STAIRDANCE
  9008 | D:8      | Found a basalt altar of Yredelemnul.
  9067 | D:8      | Noticed a two-headed ogre
  9080 | D:8      | Killed a two-headed ogre
  9088 | D:8      | Noticed a two-headed ogre
  9101 | D:8      | Killed a two-headed ogre
  9101 | D:8      | Reached skill level 12 in Axes
  9336 | D:8      | 9336 ||| DROPPING +0 flail.
  9337 | D:8      | 9337 ||| UPGRADING to dire flail.
  9338 | D:8      | 9338 ||| SWAPPING to +0 battleaxe.
  9473 | D:8      | Found a snail-covered altar of Cheibriados.
  9648 | D:8      | 9648 ||| EATING 20 rations.
  9692 | D:8      | 9692 ||| READING scroll labeled YQYSTE GUTOW.
  9713 | D:8      | 9713 ||| READING 2 scrolls of identify.
  9713 | D:8      | 9713 ||| IDENTIFYING pink potion
  9714 | D:8      | 9714 ||| DROPPING potion of brilliance.
  9731 | D:9      | Noticed Harold
  9761 | D:9      | Killed Harold
  9952 | D:9      | Found Vigil's Elemental Accessories.
  9968 | D:9      | Reached skill level 9 in Fighting
 10422 | D:9      | Noticed a two-headed ogre
 10527 | D:9      | 10527 ||| STAIRDANCE
 10563 | D:8      | 10563 ||| UPGRADING to glowing chain mail.
 10573 | D:8      | 10573 ||| UPGRADING to +1 plate armour.
 10583 | D:8      | 10583 ||| DROPPING +2 chain mail of magic resistance.
 10584 | D:8      | 10584 ||| READING 2 scrolls of identify.
 10584 | D:8      | 10584 ||| IDENTIFYING fuming emerald potion
 10585 | D:8      | 10585 ||| DROPPING potion of magic.
 10595 | D:9      | Killed a two-headed ogre
 10596 | D:9      | 10596 ||| STAIRDANCE
 10774 | D:8      | 10774 ||| EATING 19 rations.
 11256 | D:10     | Entered Level 10 of the Dungeon
 11376 | D:10     | 11376 ||| STAIRDANCE
 11483 | D:10     | Reached XP level 12. HP: 82/95 MP: 12/12
 11484 | D:10     | 11484 ||| STAIRDANCE
 11573 | D:10     | Reached skill level 13 in Axes
 11729 | D:10     | 11729 ||| STAIRDANCE
 11870 | D:9      | 11870 ||| UPGRADING to runed garnet ring.
 11871 | D:9      | 11871 ||| READING scroll labeled COPLAU VABE.
 11879 | D:10     | Found a staircase to the Lair.
 11976 | D:10     | Reached skill level 9 in Armour
 11981 | D:10     | 11981 ||| STAIRDANCE
 12044 | D:10     | 12044 ||| STAIRDANCE
 12067 | D:10     | 12067 ||| STAIRDANCE
 12083 | D:10     | 12083 ||| STAIRDANCE
 12130 | D:9      | 12130 ||| STAIRDANCE
 12871 | D:10     | 12871 ||| READING scroll of enchant weapon.
 12871 | D:10     | 12871 ||| ENCHANTING +0 battleaxe.
 12882 | D:10     | Identified Sif Muna's Incunabulum of Glacial Bewitchment
 12997 | D:10     | Found a staircase to the Orcish Mines.
 13002 | D:10     | 13002 ||| READING 3 scrolls of identify.
 13002 | D:10     | 13002 ||| IDENTIFYING purple potion
 13003 | D:10     | 13003 ||| READING 2 scrolls of identify.
 13003 | D:10     | 13003 ||| IDENTIFYING amethyst potion
 13004 | D:10     | 13004 ||| DROPPING potion of lignification.
 13094 | D:11     | 13094 ||| STAIRDANCE
 13226 | D:11     | Found an opulent altar of Gozag.
 13581 | D:11     | HP: 24/97 [white ugly thing (19)]
 13582 | D:11     | 13582 ||| DRINKING 6 potions of heal wounds.
 13583 | D:11     | Reached skill level 14 in Axes
 13584 | D:11     | 13584 ||| STAIRDANCE
 13766 | D:10     | 13766 ||| READING scroll labeled FAXIVV EDWULEKA.
 13969 | D:11     | Noticed a six-headed hydra
 13971 | D:11     | 13971 ||| SWAPPING to +0 dire flail.
 13985 | D:11     | Killed a six-headed hydra
 13985 | D:11     | Reached skill level 3 in Dodging
 13986 | D:11     | 13986 ||| SWAPPING to +1 battleaxe of freezing.
 13988 | D:11     | Hit by a large rock thrown by a cyclops

Vault maps used:
D:1:      dpeg_arrival_line_fractal, minmay_tree_intersection
D:2:      marbit_many_paths, feat_on_display
D:3:      lemuel_crystal_altar
D:4:      kennysheep_mini, first_ration, uniq_menkaure, uniq_duvessa,
          uniq_robin, uniq_pikel
D:5:      kb_forest_paths, serial_shops,
          nicolae_shop_temple_entry_statues_fountains, minmay_strange_pillars,
          minivault_26
D:6:      kennysheep_mini_moat, minmay_temple_entry_butterflies,
          ebering_ghost_sewer_f, basic_altar
D:7:      serial_undead, serial_undead_f, serial_undead_e, serial_undead_a,
          serial_undead_f, grunt_livestock, bloody_trog
D:8:      lemuel_doored_altar, lemuel_crystal_altar, basic_altar,
          kennysheep_nub, minmay_misc_feat_nine_boxes, uniq_psyche
D:9:      cheibrodos_barr_body, nicolae_elemental_shop, uniq_harold
D:10:     lair_entry_dummy, hiddenorc1_lemuel, special_room, st_stairs_5,
          grunt_decor_clamped
D:11:     basic_altar
Temple:   compressed_dpeg_circular_temple

Skill      XL: |  1  2  3  4  5  6  7  8  9 10 11 12 |
---------------+-------------------------------------+-----
Axes           | 3 4 5 6 8 10 11 12 14 | 14.0
Shields        | 4 5 7 9 |  9.1
Dodging        | 1 2 3 |  3.2
Fighting       | 6 8 9 10 | 10.0
Armour         | 4 5 6 8 9 |  9.0

Action                   |  1- 3 |  4- 6 |  7- 9 | 10-12 || total
-------------------------+-------+-------+-------+-------++-------
Melee: War axe           |    85 |   179 |   304 |   311 ||   879
       Battleaxe         |       |       |       |   619 ||   619
       Dire flail        |       |       |       |    12 ||    12
Throw: Tomahawk          |       |       |       |    23 ||    23
  Use: Scroll            |     3 |     8 |     6 |     9 ||    26
       Potion            |     1 |     1 |     1 |     2 ||     5
  Eat: Chunk             |     1 |     7 |    10 |    15 ||    33
       Ration            |       |       |       |     3 ||     3
Armor: Scale mail        |    45 |    12 |       |       ||    57
       Chain mail        |       |    70 |    36 |       ||   106
       Plate armour      |       |       |    92 |   342 ||   434
Dodge: Dodged            |    14 |    33 |    72 |   192 ||   311
Block: Shield            |    40 |    84 |   135 |   424 ||   683

Table legend:
 A = Non-vault XP
 B = Vault XP
 C = Vault XP percentage of total XP
 D = Non-vault monster count
 E = Vault monster count
 F = Vault count percentage of total count
                 A         B        C        D         E       F
            +---------+---------+-------+---------+---------+-------
      Total |   16710 |    7153 |  30.0 |     244 |      90 |  26.9
            +---------+---------+-------+---------+---------+-------
        D:1 |      20 |       0 |   0.0 |      13 |       0 |   0.0
        D:2 |     143 |       2 |   1.4 |      26 |       1 |   3.7
        D:3 |      76 |       0 |   0.0 |      18 |       0 |   0.0
        D:4 |     413 |    1066 |  72.1 |      18 |      13 |  41.9
        D:5 |     849 |     110 |  11.5 |      18 |       4 |  18.2
        D:6 |    1823 |       2 |   0.1 |      30 |       1 |   3.2
        D:7 |    1389 |    1565 |  53.0 |      21 |      12 |  36.4
        D:8 |    3307 |     404 |  10.9 |      42 |       1 |   2.3
        D:9 |    1575 |    2925 |  65.0 |      18 |      14 |  43.8
       D:10 |    3121 |    1079 |  25.7 |      21 |      44 |  67.7
       D:11 |    3994 |       0 |   0.0 |      19 |       0 |   0.0
            +---------+---------+-------+---------+---------+-------
